 Dungeon Crawl Stone Soup version 0.23.2-1-ga50397a6bc (webtiles) character file.

Game seed: 3997042888394647408

49 Menchi the Sneak (level 3, 0/34 HPs)
             Began as a Naga Gladiator on May 16, 2019.
             Slain by a quokka (1 damage)
             ... on level 2 of the Dungeon.
             The game lasted 00:02:59 (1559 turns).

Menchi the Sneak (Naga Gladiator)                   Turns: 1559, Time: 00:03:00

Health: 0/34       AC:  3    Str: 16    XL:     3   Next: 77%
Magic:  3/3        EV: 10    Int: 13    God:
Gold:   95         SH:  0    Dex: 13    Spells: 2/2 levels left

rFire    . . .     SeeInvis +   a - +0 rapier
rCold    . . .     Gourm    .   (no shield)
rNeg     . . .     Faith    .   b - +0 leather armour
rPois    +         Spirit   .   c - +0 helmet
rElec    .         Reflect  .   (no cloak)
rCorr    .         Harm     .   (no gloves)
MR       .....                  (no barding)
Stlth    ++........             (no amulet)
HPRegen  0.11/turn              (no ring)
MPRegen  0.08/turn              (no ring)

@: brilliant, lethally poisoned (0 -> -4), hasted, quick
A: large, see invisible, deformed body, poison resistance, slowness 2, slow
metabolism 1, spit poison 1, AC +1
a: Spit Poison


You were on level 2 of the Dungeon.
You were not hungry.

You visited 1 branch of the dungeon, and saw 2 of its levels.

You collected 95 gold pieces.

Inventory:

Hand Weapons
 a - a +0 rapier (weapon)
Missiles
 d - 3 throwing nets (quivered)
Armour
 b - a +0 leather armour (worn)
 c - a +0 helmet (worn)
Wands
 m - a wand of random effects (21)
Scrolls
 e - 6 scrolls of identify {unknown}
 i - a scroll of enchant weapon {unknown}
 j - a scroll of magic mapping {unknown}
Comestibles
 f - 5 rations
 l - 4 chunks of flesh


   Skills:
 * Level 3.1 Fighting
 - Level 3.0 Short Blades
 - Level 1.7 Throwing
 - Level 2.4 Dodging
 * Level 3.5 Stealth


You had 2 spell levels left.
You didn't know any spells.
Your spell library was empty.

Dungeon Overview and Level Annotations

Branches:
Dungeon (2/15)

Altars:
Elyvilon


Innate Abilities, Weirdness & Mutations

You cannot wear boots.
Your serpentine skin is tough. (AC +1)
You have supernaturally acute eyesight. (SInv)
Armour fits poorly on your strangely shaped body.
Your system is resistant to poisons. (rPois)
You cover ground very slowly.
You have a slow metabolism.
You can spit poison.


Message History

* * * LOW HITPOINT WARNING * * *
It was a potion of cancellation.
You feel magically purged.
A goblin comes into view. It is wielding a +0 club.
The quokka bites you but does no damage.
It was a potion of brilliance.
You feel clever all of a sudden.
* * * LOW HITPOINT WARNING * * *
You feel sick.
The goblin shouts!
The quokka closely misses you.
It was a potion of haste.
You feel yourself speed up. The quokka closely misses you.
You are too injured to fight recklessly!
You are too injured to fight recklessly!
You are too injured to fight recklessly!
You hit the quokka.
The quokka is moderately wounded.
* * * LOW HITPOINT WARNING * * *
You feel sick. The quokka bites you.
You die...

###.###..##.#♣.....♣
###.###..##.##♣....♣
.........##..#♣....♣
###.###......##♣...♣#
#####...#♣♣...♣#
..#...###♣♣..♣####
#.#.....###♣......
#.#..##...###.....
#@#..####(......##
##r#%.# #########
##wS...# ##......#
#.......#
#.........g#
#.##......$# ..
........... ##
.####...####.


You could see a worm, an adder, a quokka and a goblin.

Vanquished Creatures
  An ooze (D:1)
  A dart slug (D:1)
  5 leopard geckos
  2 giant cockroaches (D:1)
  7 hobgoblins
  A jackal (D:1)
  8 bats
  2 frilled lizards (D:1)
  3 goblins
  3 kobolds
  4 rats (D:1)
37 creatures vanquished.

Notes
Turn   | Place    | Note
-------+----------+-------------------------------------------
     0 | D:1      | Menchi the Naga Gladiator began the quest for the Orb.
     0 | D:1      | Reached XP level 1. HP: 19/19 MP: 1/1
    39 | D:1      | Reached skill level 1 in Stealth
   620 | D:1      | You fall through a shaft!
   676 | D:2      | Reached XP level 2. HP: 24/26 MP: 2/2
   807 | D:2      | Found a white marble altar of Elyvilon.
  1086 | D:1      | Reached XP level 3. HP: 33/33 MP: 3/3
  1559 | D:2      | HP: 1/34 [poisoned by an adder]
  1559 | D:2      | Slain by a quokka

Skill      XL: |  1  2  3 |
---------------+----------+-----
Stealth        | 1 2 3 |  3.5
Fighting       | 3 |  3.1
Short Blades   | |  3.0
Throwing       | |  1.7
Dodging        | |  2.4

Action                   || total
-------------------------++-------
Melee: Rapier            ||   111
  Use: Scroll            ||     2
       Potion            ||     3
 Stab: Sleeping          ||     3
  Eat: Chunk             ||     1
Armor: Leather armour    ||    32
Dodge: Dodged            ||    72
